[Event "Late-Titled-Tuesday-Blitz-May-07-2024"]
[Site "Chess.com"]
[Date "2024.05.07"]
[Round "2"]
[White "larsmandreassen"]
[Black "DonMicheleCorleone"]
[Result "0-1"]
[WhiteElo "2206"]
[BlackElo "2507"]
[TimeControl "180+1"]
[EndTime "14:17:21 PDT"]
[Termination "DonMicheleCorleone won on time"]

1. d4 Nf6 2. Nf3 d5 3. Bg5 Bf5 4. e3 e6 5. Bd3 Bxd3 6. Qxd3 c6 7. Nbd2 Be7 8. O-O O-O 9. c4 a6 10. c5 Nbd7 11. b4 Nh5 12. Bxe7 Qxe7 13. Qc3 Rae8 14.
a4 e5 15. Rab1 e4 16. Ne1 Qh4 17. g3 Qh3 18. f4 Ndf6 19. Rf2 Ng4 20. Rg2 g6 21. Nf1 Ng7 22. b5 axb5 23. axb5 Rb8 24. bxc6 bxc6 25. Rb6 Nf5 26. Nc2 Rfc8 27. Qb3 Ra8 28. Qb2 Kg7 29. Rb7 h5 30. Rb3 h4 31.
Ra3 Rxa3 32. Qxa3 Rh8 33. gxh4 Nxh4 34. Rg3 Nf3+ 35. Rxf3 exf3 0-1

[Event "Late-Titled-Tuesday-Blitz-May-07-2024"]
[Site "Chess.com"]
[Date "2024.05.07"]
[Round "2"]
[White "realburq"]
[Black "rdarruda"]
[Result "0-1"]
[WhiteElo "2343"]
[BlackElo "2554"]
[TimeControl "180+1"]
[EndTime "14:17:25 PDT"]
[Termination "rdarruda won on time"]

1. e4 c5 2. c3 e6 3. d4 cxd4 4. cxd4 d5 5. e5 Nc6 6. Nf3 Nge7 7. Bd3 Nf5 8. Bxf5 exf5 9. Nc3 Be6 10. O-O Be7 11. Ne2 g5 12. Nc3 h6 13. Re1 Qd7 14. Nb5 a6 15. Nd6+ Bxd6 16. exd6 Qxd6 17. Ne5 O-O-O 18.
Nxc6 Qxc6 19. Bxg5 hxg5 20. Rc1 Rd6 21. Qd2 g4 22. Qf4 Kd7 23. Rxc6 Rxc6 24. f3 Rc2 25. fxg4 fxg4 26. Rxe6 fxe6 27. Qf7+ Kd6 28. Qf4+ Kd7 29. Qf7+ Kd6 30. Qxb7 Rhc8 31. Qxa6+ R8c6 32. Qa3+ Kd7 33. h3 gxh3 34. gxh3 Re2 35. Qa7+ Kd6 36. Qa3+ Kc7 37.
Qe7+ Kb6 38. Qb4+ Ka6 39. Qa4+ Kb6 40. Kf1 Rxb2 41. Qd1 Rcc2 42. h4 Rh2 43. Qf3 Rb1+ 0-1

[Event "Late-Titled-Tuesday-Blitz-May-07-2024"]
[Site "Chess.com"]
[Date "2024.05.07"]
[Round "2"]
[White "Zampronha1971"]
[Black "sammartin99"]
[Result "1-0"]
[WhiteElo "2454"]
[BlackElo "1922"]
[TimeControl "180+1"]
[EndTime "14:17:25 PDT"]
[Termination "Zampronha1971 won on time"]

1. e4 c5 2. Nf3 Nc6 3. d4 cxd4 4. Nxd4 Nf6 5. Nc3 e5 6. Ndb5 d6 7. Bg5 a6 8. Na3 b5 9. Nd5 Be7 10. Bxf6 Bxf6 11. c3 Bg5 12. Nc2 O-O 13. a4 bxa4 14. Rxa4 a5 15. Bc4 Be6 16. O-O Rb8 17. Ra2 Kh8 18. Nce3 Bxe3 19. Nxe3 Qc7 20. Qd3 Rb6 21. Rd1 Ne7 22. Bxe6 fxe6 23. Nc4 Rbb8 24. Nxd6 Ng6 25. g3 Qb6 26. Qe3 Qb3 27. Rda1 Rbd8 28. Qc5 h5 29. Rxa5 Qc2 30. Rf1 h4 31. Nc4 Qe2 32.
Nxe5 Nf4 33. gxf4 h3 34. Qe3 Qc2 35. Ng6+ 1-0

[Event "Late-Titled-Tuesday-Blitz-May-07-2024"]
[Site "Chess.com"]
[Date "2024.05.07"]
[Round "2"]
[White "Hikaru"]
[Black "ArtemDyachuk"]
[Result "1-0"]
[WhiteElo "3218"]
[BlackElo "2697"]
[TimeControl "180+1"]
[EndTime "14:17:26 PDT"]
[Termination "Hikaru won by checkmate"]

1. b3 e5 2. Bb2 Nc6 3. e3 Nge7 4. Ne2 Ng6 5. d4 exd4 6. Nxd4 Nce5 7. f4 Nc6 8. Nd2 Bc5 9. Nf5 O-O 10. Ne4 Bb4+ 11.
c3 d5 12. Neg3 Ba5 13. b4 Bb6 14. a3 Re8 15. Qd2 Nh4 16. Nd4 Qe7 17. Kf2 Qf6 18.
Kg1 a5 19. b5 Nxd4 20. cxd4 Nf5 21. Re1 Nxg3 22. hxg3 Bf5 23. Be2 Qg6 24. Kf2 Bg4 25.
Bf3 Rad8 26. a4 Bf5 27. Bc3 Be4 28. Bxa5 Bxf3 29. gxf3 Bxa5 30. Qxa5 Qc2+ 31. Re2 Qc4 32. Qd2 Qxa4 33. Qc2 Qxb5 34. Qxh7+ Kf8 35. Qh8+ Ke7 36.
Qxg7 Kd7 37. Qxf7+ Kc8 38. Qf5+ Kb8 39. Rb1 Qa6 40.
Reb2 b6 41. Qg6 Qa3 42. Rxb6+ Kc8 43. Qf5+ Re6 44. Qxe6+ Rd7 45. Rb8# 1-0

[Event "Late-Titled-Tuesday-Blitz-May-07-2024"]
[Site "Chess.com"]
[Date "2024.05.07"]
[Round "2"]
[White "bascheyaro"]
[Black "BabageldiAnnaberdiyev"]
[Result "1-0"]
[WhiteElo "2837"]
[BlackElo "2571"]
[TimeControl "180+1"]
[EndTime "14:17:26 PDT"]
[Termination "bascheyaro won by resignation"]

1. d4 Nf6 2. Nf3 e6 3. Bg5 d5 4.
e3 h6 5. Bh4 a6 6. c4 c6 7. Nc3 Be7 8. Qc2 Nbd7 9. Rd1 Ng8 10. Bg3 Ngf6 11. a3 a5 12. h3 O-O 13. Bd3 b6 14. cxd5 exd5 15. O-O Bb7 16. Rc1 Rc8 17. Rfd1 Re8 18. Ne5 Bf8 19. Bf5 Qe7 20. Bh4 Nxe5 21. dxe5 Qxe5 22. Bg3 Qe7 23. Bxc8 Rxc8 24. Qf5 Qe6 25.
Qxe6 fxe6 26. Na4 b5 27. Nc5 Bxc5 28. Rxc5 a4 29. Rdc1 Ne4 30. R5c2 c5 31. Be5 c4 32.
Bd4 Kf7 33. f3 Nd6 34. g4 Re8 35. Be5 Nc8 36. h4 Nb6 37. Kf2 Nd7 38. Bc3 e5 39. Kg3 Ke6 40. Rf1 Nc5 41. h5 Rd8 42. Re2 Rd7 43.
Kh4 Rf7 44. f4 exf4 45. exf4+ Ne4 46. Bd4 Bc6 47. Ree1 Kd6 48. g5 Bd7 49. g6 Re7 50. f5 Be8 51. f6 gxf6 52. Bxf6 Rd7 53. Bd4 Rd8 54. Rf8 Ke7 55. g7 Bf7 56. Re3 Rxf8 57. Bc5+ 1-0

[Event "Late-Titled-Tuesday-Blitz-May-07-2024"]
[Site "Chess.com"]
[Date "2024.05.07"]
[Round "2"]
[White "IndianSchoolOfSuffering"]
[Black "NovakCabarkapa"]
[Result "1-0"]
[WhiteElo "2403"]
[BlackElo "2727"]
[TimeControl "180+1"]
[EndTime "14:17:26 PDT"]
[Termination "IndianSchoolOfSuffering won by resignation"]

1. e4 e6 2. d4 d5 3. e5 c5 4.
c3 Nc6 5. Nf3 Bd7 6. a3 Nge7 7.
Bd3 cxd4 8. cxd4 Nf5 9. Bxf5 exf5 10. Nc3 Be6 11. O-O Be7 12. Be3 g5 13. Rc1 f4 14.
Bd2 g4 15. Ne1 f3 16. Be3 h5 17. Nd3 fxg2 18. Kxg2 h4 19. Nf4 Bg5 20. Nxe6 fxe6 21. Qxg4 Rg8 22. f4 Qd7 23. fxg5 O-O-O 24. Rf6 Kb8 25.
Qxe6 Qh7 26. Qf5 h3+ 27. Kh1 Qh4 28. Qf4 Qh5 29. e6+ Ka8 30. Nb5 a6 31. Nc3 Ne7 32.
Qf3 Qh7 33. Rf7 Qh4 34. Rxe7 Rxg5 35. Bxg5 Qxg5 36. Re1 Qxe7 37. Nxd5 Qh4 38. Qg3 Qxd4 39. Nc7+ Kb8 40. Nb5+ 1-0

[Event "Late-Titled-Tuesday-Blitz-May-07-2024"]
[Site "Chess.com"]
[Date "2024.05.07"]
[Round "2"]
[White "zimmm36"]
[Black "Smiechu"]
[Result "0-1"]
[WhiteElo "2749"]
[BlackElo "2440"]
[TimeControl "180+1"]
[EndTime "14:17:27 PDT"]
[Termination "Smiechu won by checkmate"]

1. e4 c5 2. Nf3 g6 3. d4 cxd4 4. Qxd4 Nf6 5. c4 Nc6 6. Qe3 d6 7. Nc3 Bg7 8. h3 O-O 9. Be2 Bd7 10. O-O Rc8 11. b3 Nxe4 12. Bb2 Nxc3 13. Bxc3 a6 14. Rad1 Bxc3 15. Qxc3 Qa5 16. Qb2 Rfd8 17. a3 b5 18. b4 Qb6 19. Rfe1 Be6 20. cxb5 axb5 21. Bd3 Bc4 22.
Bb1 f6 23. h4 Ne5 24. Nd4 Bf7 25. h5 Rc4 26. hxg6 hxg6 27. Ba2 Rc7 28. Bxf7+ Kxf7 29. Qb3+ Rc4 30. Nc2 Kg7 31. Ne3 Rh4 32. g3 Rh5 33.
Qe6 Rdh8 34. Qxe7+ Nf7 35. Kf1 Qc6 36. Ke2 Re5 37. Qa7 Qc4+ 38. Rd3 Qc2+ 39. Rd2 Qc4+ 40. Kd1 Qb3+ 41. Rc2 Rc8 42. Re2 Qd3+ 43. Red2 Qb3 44. Kc1 Rxc2+ 45. Rxc2 Qd3 46. Rc7 Kh6 47. Rxf7 Qc3+ 48.
Kd1 Qb3+ 49. Ke2 Qb2+ 50. Kf1 Qb1+ 51. Kg2 Qe4+ 52. Kh2 Rh5+ 53. Kg1 Rh1# 0-1

[Event "Late-Titled-Tuesday-Blitz-May-07-2024"]
[Site "Chess.com"]
[Date "2024.05.07"]
[Round "2"]
[White "Statham_01"]
[Black "h4parah5"]
[Result "0-1"]
[WhiteElo "2651"]
[BlackElo "3020"]
[TimeControl "180+1"]
[EndTime "14:17:28 PDT"]
[Termination "h4parah5 won by resignation"]

1. e4 c5 2. a3 e5 3. Nf3 Nc6 4. Bc4 Be7 5. d3 d6 6. h3 Nf6 7. Nc3 O-O 8. Bg5 Nd7 9. Be3 Nb6 10. Ba2 Kh8 11. g4 Nd4 12. Bxd4 cxd4 13. Ne2 Na4 14. Rb1 Be6 15. Bc4 b5 16. Bb3 Nc5 17. Ng3 g6 18. Bxe6 fxe6 19. Qe2 Bh4 20. g5 Bxg5 21. h4 Bf4 22. h5 g5 23. Nh2 Qa5+ 24. b4 Qxa3 25. bxc5 Qa5+ 26. Kf1 Bxg3 27. Ng4 dxc5 28. Kg2 Bf4 29. Qf3 b4 30. Qh3 Qc7 31. f3 a5 32.
h6 a4 33. Qh5 Qf7 34. Qh3 a3 35. Ra1 a2 36. Nf2 Ra3 37. Kf1 Be3 38. Qg4 Qxf3 39. Qxf3 Rxf3 40. Rh2 Rxf2+ 41. Rxf2 Bxf2 42. Kxf2 Kg8 43.
Kf3 c4 44. Kg4 b3 45. Rxa2 bxa2 0-1

[Event "Late-Titled-Tuesday-Blitz-May-07-2024"]
[Site "Chess.com"]
[Date "2024.05.07"]
[Round "2"]
[White "nindjaxx8"]
[Black "AlejandroArias"]
[Result "1-0"]
[WhiteElo "2643"]
[BlackElo "2402"]
[TimeControl "180+1"]
[EndTime "14:17:29 PDT"]
[Termination "nindjaxx8 won on time"]

1. d4 e6 2. c4 b6 3. Nc3 Bb7 4. Nf3 Bb4 5. Bd2 f5 6. e3 Nf6 7. Be2 O-O 8. O-O Bxc3 9. Bxc3 Ne4 10. Rc1 d6 11. Nd2 Nxc3 12. Rxc3 Nd7 13. Bf3 Qc8 14. Re1 e5 15. dxe5 Nxe5 16. Bd5+ Kh8 17. Nf3 c6 18. Nxe5 dxe5 19. Bf3 e4 20. Be2 c5 21.
Qc1 Qc7 22. Rd1 Rad8 23. Bf1 h6 24. g3 Rd6 25. Rc2 Rfd8 26. Rcd2 R8d7 27. Bh3 g6 28. Qc3+ Kh7 29. g4 Rxd2 30. Rxd2 f4 31. exf4 Rf7 32. f5 gxf5 33. gxf5 Rg7+ 34. Kf1 1-0

[Event "Late-Titled-Tuesday-Blitz-May-07-2024"]
[Site "Chess.com"]
[Date "2024.05.07"]
[Round "2"]
[White "Narek_Ghimoyan"]
[Black "Casablanca"]
[Result "0-1"]
[WhiteElo "2393"]
[BlackElo "2704"]
[TimeControl "180+1"]
[EndTime "14:17:31 PDT"]
[Termination "Casablanca won by resignation"]

1. d4 Nf6 2. c4 c5 3. Nf3 cxd4 4. Nxd4 Nc6 5. Nc3 g6 6. g3 Bg7 7. Bg2 O-O 8. O-O Ng4 9. Nc2 Bxc3 10. bxc3 Qa5 11.
Ne3 Qxc3 12. Rb1 Nxe3 13. Bxe3 Qxc4 14. Rc1 Qe6 15. Bd5 Qf6 16. Rc4 e6 17. Bxc6 dxc6 18.
Bd4 e5 19. Ba1 Bf5 20. f4 Rad8 21. Qc1 Qe6 22. fxe5 Rd5 23. Rh4 Rfd8 24. e4 Rd2 25. Bc3 Qxa2 26. Bxd2 Rxd2 27. exf5 Qd5 28. Qxd2 Qxd2 29.
e6 fxe6 30. f6 h5 31. f7+ Kf8 32. Rhf4 Qe3+ 33. R1f2 Qe1+ 34. Kg2 c5 35. Rf6 Qe4+ 36. Kh3 c4 37. R2f4 Qd3 38. Kh4 Qd2 39. Rxe6 Qxh2+ 40. Kg5 Qxg3+ 41. Kh6 Qxf4+ 42. Kxg6 Qxf7+ 0-1

[Event "Late-Titled-Tuesday-Blitz-May-07-2024"]
[Site "Chess.com"]
[Date "2024.05.07"]
[Round "2"]
[White "TheoSlade"]
[Black "yuriydovzik"]
[Result "0-1"]
[WhiteElo "2459"]
[BlackElo "2147"]
[TimeControl "180+1"]
[EndTime "14:17:31 PDT"]
[Termination "yuriydovzik won by resignation"]

1. d4 Nf6 2. c4 e6 3. g3 b6 4.
Bg2 d5 5. cxd5 exd5 6. Nc3 c6 7. Nf3 Be7 8. O-O O-O 9. Bg5 a5 10. Ne5 Bb7 11. Re1 h6 12. Bxf6 Bxf6 13. Nf3 b5 14. Rc1 Re8 15. Qc2 Na6 16. e4 b4 17.
Na4 b3 18. axb3 Nb4 19. Qb1 Ba6 20. Nc5 Bb5 21. e5 Be7 22. Bf1 Bxf1 23. Rxf1 Bxc5 24. Rxc5 Qd7 25. Nh4 Qg4 26. f4 Qe2 27. f5 Qe3+ 28. Kh1 Qxd4 29. Rcc1 Rxe5 30. Nf3 Qe4 31. Qa1 Rxf5 32.
Kg1 Rxf3 33. Rfe1 Re3 34. Rxe3 Qxe3+ 35. Kh1 Nd3 36. Rf1 Qe2 37. Qb1 Re8 38. Kg1 Re6 39. Rd1 Qe3+ 40. Kh1 Nf2+ 41. Kg2 Nxd1 42. Qxd1 Qe2+ 43.
Qxe2 Rxe2+ 44. Kf3 Rxb2 0-1

[Event "Late-Titled-Tuesday-Blitz-May-07-2024"]
[Site "Chess.com"]
[Date "2024.05.07"]
[Round "2"]
[White "kemelgallo"]
[Black "Sanan_Sjugirov"]
[Result "0-1"]
[WhiteElo "2655"]
[BlackElo "3030"]
[TimeControl "180+1"]
[EndTime "14:17:33 PDT"]
[Termination "Sanan_Sjugirov won by resignation"]

1. d4 Nf6 2. c4 e6 3. Nf3 d5 4. Nc3 Nbd7 5. Bf4 Bb4 6. e3 c5 7. Bd3 cxd4 8. exd4 dxc4 9. Bxc4 Nb6 10. Bd3 Nbd5 11.
Bd2 O-O 12. O-O Be7 13. Ne5 Bd7 14. Qf3 Rc8 15. Nxd5 Nxd5 16. Be4 Bc6 17. Rac1 Bf6 18. Nxc6 bxc6 19. Bc3 g6 20. Rfd1 Bg7 21. g3 Qb6 22. Qe2 Rfd8 23. h4 Rd7 24. h5 Rcd8 25. hxg6 hxg6 26.
Bf3 Ne7 27. Kg2 Bxd4 28. Bxd4 Rxd4 29. Rxd4 Rxd4 30. Rh1 Qc5 31. b4 Qd6 32. a3 Nf5 33.
Qa6 Qb8 34. Qxc6 Rd2 35. Rc1 Qxg3+ 0-1

[Event "Late-Titled-Tuesday-Blitz-May-07-2024"]
[Site "Chess.com"]
[Date "2024.05.07"]
[Round "2"]
[White "kingofthenil"]
[Black "gshwbedhkhd"]
[Result "1-0"]
[WhiteElo "2875"]
[BlackElo "2591"]
[TimeControl "180+1"]
[EndTime "14:17:33 PDT"]
[Termination "kingofthenil won on time"]

1. e4 c5 2. d3 g6 3. g3 Bg7 4.
Bg2 e6 5. f4 Ne7 6. Nf3 O-O 7.
O-O b6 8. c3 Bb7 9. Re1 d5 10.
e5 d4 11. c4 h5 12. Na3 Nf5 13. Nc2 a6 14. Ng5 Bxg2 15. Kxg2 b5 16. Qf3 Nd7 17. b3 Rb8 18. Ne4 Qe7 19. Bd2 bxc4 20.
dxc4 Rfd8 21. Qd3 Rb7 22. Ba5 Rc8 23. Rad1 Nb8 24. Re2 Nc6 25. Be1 a5 26. a4 Rcb8 27. Rb1 Rd7 28. Bf2 Rdb7 29. Na3 Nb4 30. Qd2 Rd7 31.
Nb5 Qd8 32. Nxc5 Re7 33. Nxd4 Nxd4 34. Qxd4 Qb6 35. Ne4 Qb7 36. Kg1 Rd7 37. Nc5 Rxd4 38. Nxb7 Rd3 39. Nxa5 Na6 40. Ba7 1-0

[Event "Late-Titled-Tuesday-Blitz-May-07-2024"]
[Site "Chess.com"]
[Date "2024.05.07"]
[Round "2"]
[White "PapaieDudu"]
[Black "djano"]
[Result "0-1"]
[WhiteElo "2354"]
[BlackElo "2558"]
[TimeControl "180+1"]
[EndTime "14:17:33 PDT"]
[Termination "djano won by checkmate"]

1. Nf3 c5 2. e3 f5 3. d4 e6 4. c4 Nf6 5. Nc3 cxd4 6. exd4 Bb4 7. Bd3 O-O 8. O-O b6 9. a3 Bd6 10. Re1 a6 11. b4 Bb7 12. Ne5 Nc6 13. Bc2 Rc8 14.
Bf4 Qe8 15. Bb3 Ng4 16. Nd3 Bxf4 17. Nxf4 g5 18. Nfd5 Ne7 19. Nxb6 Rd8 20. d5 Qg6 21. h3 Nh6 22. d6 Nc6 23. c5 g4 24. hxg4 Nxg4 25. Nxd7 Qh5 26. Bxe6+ Kh8 27. Nxf8 Nce5 28. Kf1 Nh2+ 29. Kg1 Nef3+ 30. gxf3 Nxf3+ 31. Kf1 Nd2+ 32. Kg1 Qh1# 0-1

[Event "Late-Titled-Tuesday-Blitz-May-07-2024"]
[Site "Chess.com"]
[Date "2024.05.07"]
[Round "2"]
[White "Pachonpower"]
[Black "slorovel"]
[Result "1-0"]
[WhiteElo "2368"]
[BlackElo "2540"]
[TimeControl "180+1"]
[EndTime "14:17:34 PDT"]
[Termination "Pachonpower won by resignation"]

1. d4 Nf6 2. Nf3 g6 3. Nc3 d5 4. Bf4 Bg7 5. Ne5 O-O 6. Qd2 c5 7. e3 cxd4 8. exd4 a6 9. O-O-O b5 10. f3 b4 11. Ne2 a5 12. Ng3 Ba6 13. Bh6 a4 14. h4 b3 15. Kb1 bxc2+ 16. Kxc2 Bxf1 17. Rdxf1 Nc6 18. Bxg7 Kxg7 19. h5 Qb6 20. hxg6 fxg6 21. Qh6+ Kg8 22. Nxg6 Rab8 23. Rb1 Qxd4 24. Ne2 Nb4+ 25.
Kc1 Nxa2+ 26. Kc2 Nb4+ 27. Kc1 Nd3+ 28. Kd2 Rxb2+ 29. Rxb2 Qxb2+ 30. Kxd3 Rb8 31. Nxe7+ Kf7 32. Nxd5 Rb3+ 33. Ndc3 Qa3 34. Qf4 Qb4 35. Rxh7+ Ke8 36. Qxf6 Qxc3+ 37. Nxc3 1-0

[Event "Late-Titled-Tuesday-Blitz-May-07-2024"]
[Site "Chess.com"]
[Date "2024.05.07"]
[Round "2"]
[White "ElCoachRene"]
[Black "Slovak_fighter2000"]
[Result "0-1"]
[WhiteElo "1978"]
[BlackElo "2455"]
[TimeControl "180+1"]
[EndTime "14:17:34 PDT"]
[Termination "Slovak_fighter2000 won on time"]

1. Nf3 d5 2. d4 Nf6 3. Bf4 c5 4. e3 Nc6 5. Nbd2 e6 6. c3 Bd6 7. Bg3 O-O 8. Bd3 b6 9. Ne5 Bb7 10. f4 Ne7 11. Qf3 Nf5 12. O-O Be7 13. Bf2 Nd6 14.
Bh4 Nfe4 15. Bxe7 Qxe7 16. Qe2 f6 17. Ng4 Nxd2 18. Qxd2 Ne4 19. Bxe4 dxe4 20. Nf2 cxd4 21. cxd4 Rac8 22. Rac1 Bd5 23. a3 Qd7 24. Rxc8 Rxc8 25.
Rc1 Rc6 26. Rxc6 Qxc6 27. Qc3 Qxc3 28. bxc3 Kf7 29. Kf1 Ke7 30. Ke1 Kd7 31. Kd2 Kc6 32. Kc2 Kb5 33. Kb2 Kc4 34. h4 Bc6 35. g4 f5 36. g5 g6 37. Kc2 Ba4+ 38. Kb2 Bb3 39. Nh3 a5 40. Nf2 a4 0-1

[Event "Late-Titled-Tuesday-Blitz-May-07-2024"]
[Site "Chess.com"]
[Date "2024.05.07"]
[Round "2"]
[White "sudtirolese06"]
[Black "Galileo22"]
[Result "1-0"]
[WhiteElo "2436"]
[BlackElo "2674"]
[TimeControl "180+1"]
[EndTime "14:17:35 PDT"]
[Termination "sudtirolese06 won by checkmate"]

1. g3 d5 2. Bg2 c5 3. d3 Nc6 4.
Nf3 e5 5. O-O Be7 6. e4 d4 7. Na3 Nf6 8. Nc4 Nd7 9. a4 b6 10.
Nfd2 h5 11. f4 h4 12. Nf3 hxg3 13. hxg3 exf4 14. gxf4 Nf6 15. Nfe5 Bb7 16. Qf3 Nd7 17. Bd2 Qc7 18. Bh3 Nf8 19. Nxc6 Bxc6 20. Ne5 Bb7 21. Kg2 a6 22. Rh1 f6 23. Nc4 Ng6 24. Bf5 Nh4+ 25. Rxh4 Rxh4 26. Qg3 g5 27. fxg5 Qxg3+ 28. Kxg3 fxg5 29.
Nxb6 Rd8 30. Ba5 Rd6 31. b4 cxb4 32. Rb1 Rdh6 33. Nc4 Bc6 34. Bxb4 Bxa4 35. Bxe7 Kxe7 36. Rb7+ Kd8 37. Ne5 Ke8 38. Rc7 Bb5 39. Nf3 Rh1 40.
Nxd4 Rc1 41. Ne6 Rh4 42. Bg6# 1-0

[Event "Late-Titled-Tuesday-Blitz-May-07-2024"]
[Site "Chess.com"]
[Date "2024.05.07"]
[Round "2"]
[White "Shiner22"]
[Black "xakevicius91"]
[Result "1-0"]
[WhiteElo "2288"]
[BlackElo "2511"]
[TimeControl "180+1"]
[EndTime "14:17:36 PDT"]
[Termination "Shiner22 won by resignation"]

1. e4 c5 2. d4 cxd4 3. c3 Nf6 4. e5 Nd5 5. Nf3 d6 6. Bc4 e6 7. cxd4 Be7 8. O-O O-O 9. Nc3 Nxc3 10. bxc3 Nc6 11.
Qe2 b6 12. a4 Bb7 13. Rd1 Qc7 14. Bd3 dxe5 15. dxe5 g6 16. h4 Rad8 17. h5 Rd7 18. Bg5 Bxg5 19. Nxg5 Qxe5 20. Qg4 Qxc3 21. hxg6 hxg6 22.
Bxg6 Rxd1+ 23. Rxd1 Qg7 24. Bh7+ Kh8 25. Qh5 Ne5 26. Be4+ Kg8 27. Bxb7 Ng6 28. Be4 Nf4 29. Bh7+ Kh8 30. Qh4 f6 31. Bf5+ Kg8 32. Bxe6+ Nxe6 33. Nxe6 Qe7 34. Qg4+ Kf7 35. Nxf8 Qxf8 36. Rd7+ Ke8 37. Qe6+ 1-0

[Event "Late-Titled-Tuesday-Blitz-May-07-2024"]
[Site "Chess.com"]
[Date "2024.05.07"]
[Round "2"]
[White "Oleg_Papayan"]
[Black "GM_dmitrij"]
[Result "0-1"]
[WhiteElo "2656"]
[BlackElo "3043"]
[TimeControl "180+1"]
[EndTime "14:17:37 PDT"]
[Termination "GM_dmitrij won by checkmate"]

1. e4 c6 2. d4 d5 3. Nc3 dxe4 4. Nxe4 Nf6 5. Nxf6+ exf6 6. Bd3 Qxd4 7. Nf3 Qd8 8.
O-O Be7 9. Re1 Be6 10. Nd4 Qxd4 11. Rxe6 Nd7 12. Re4 Qd5 13. Qe2 Ne5 14. f4 Ng6 15. f5 Ne5 16. Bf4 Bd6 17. Bc4 Qa5 18. b4 Qc7 19. Bb3 O-O-O 20. c4 Bxb4 21. Kh1 Rhe8 22.
Qh5 Bc5 23. Qxh7 Nd3 24. Bxc7 Nf2+ 25. Kg1 Nxe4+ 26. Kh1 Nf2+ 27. Kg1 Kxc7 28. h3 Nxh3+ 29. Kf1 Ng5 30. Qxg7 Bd4 31. Re1 Rg8 32. Qh6 Rh8 33. Qg7 Rdg8 34. Re7+ Kd6 35. Re6+ Nxe6 36. Qxf7 Nf4 37.
c5+ Bxc5 38. Qxf6+ Kc7 39. Bxg8 Rh1# 0-1

[Event "Late-Titled-Tuesday-Blitz-May-07-2024"]
[Site "Chess.com"]
[Date "2024.05.07"]
[Round "2"]
[White "robertoalejandro10"]
[Black "Fore_Man"]
[Result "0-1"]
[WhiteElo "2515"]
[BlackElo "2295"]
[TimeControl "180+1"]
[EndTime "14:17:40 PDT"]
[Termination "Fore_Man won on time"]

1. d4 d5 2. Nf3 Nf6 3. e3 Bg4 4. h3 Bh5 5. Nbd2 c6 6. b3 e6 7. Bb2 Qa5 8. a3 Nbd7 9. Be2 Bd6 10. O-O O-O 11. c4 Qc7 12. Rc1 Rac8 13. Qc2 Bg6 14. Bd3 Bxd3 15. Qxd3 Rfe8 16. e4 dxe4 17. Nxe4 Nxe4 18.
Qxe4 e5 19. d5 Nc5 20. Qc2 e4 21. Nd4 Nd3 22. Rcd1 cxd5 23. Nf5 Be5 24. Bxe5 Qxe5 25.
Ne3 d4 26. Ng4 Qc5 27. Kh1 Qxa3 28. f3 f5 29. fxe4 Nb4 30. Qf2 fxg4 31. Qf7+ Kh8 32. e5 Nc2 33. Qxb7 Ne3 34. Ra1 Qb2 35. Ra2 Qxa2 0-1

[Event "Late-Titled-Tuesday-Blitz-May-07-2024"]
[Site "Chess.com"]
[Date "2024.05.07"]
[Round "2"]
[White "DrVelja"]
[Black "RuperezA"]
[Result "1-0"]
[WhiteElo "2989"]
[BlackElo "2635"]
[TimeControl "180+1"]
[EndTime "14:17:41 PDT"]
[Termination "DrVelja won by resignation"]

1. e4 e6 2. d4 d5 3. Nc3 Bb4 4. e5 c5 5. a3 Bxc3+ 6. bxc3 Qa5 7. Bd2 Qa4 8. Qg4 Kf8 9. Qd1 Nc6 10. Nf3 b6 11. h4 Ba6 12. Bxa6 Qxa6 13. dxc5 bxc5 14. h5 h6 15. Rh4 Nge7 16. Qe2 Qxe2+ 17. Kxe2 Ke8 18.
Rb1 Kd7 19. Rb7+ Kc8 20. Rb5 c4 21. Rg4 Rg8 22. Rf4 Rf8 23. Be3 a6 24. Rb1 f6 25.
Bc5 Rb8 26. Rxb8+ Kxb8 27. Nd4 Nxd4+ 28. cxd4 Rf7 29. Bxe7 Rxe7 30. exf6 gxf6 31. Rxf6 e5 32. Ke3 exd4+ 33. Kxd4 Re2 34. c3 Rc2 35. g4 Rd2+ 36.
Kc5 Rd3 37. Rxh6 Rxc3 38. Kxd5 Rxa3 39. Rc6 Ra5+ 40. Kxc4 Ra4+ 41. Kd5 Rxg4 42. Rxa6 Rg5+ 43. Ke4 Rxh5 44. Rc6 Kb7 45. Rc1 Rh6 46. f4 Rc6 47.
Rxc6 Kxc6 48. Ke5 Kd7 49. Kf6 Ke8 50. Kg7 Ke7 51. f5 1-0

[Event "Late-Titled-Tuesday-Blitz-May-07-2024"]
[Site "Chess.com"]
[Date "2024.05.07"]
[Round "2"]
[White "MyDream003"]
[Black "Alexei_Gubajdullin"]
[Result "1-0"]
[WhiteElo "2830"]
[BlackElo "2559"]
[TimeControl "180+1"]
[EndTime "14:17:41 PDT"]
[Termination "MyDream003 won on time"]

1. e4 g6 2. d4 Bg7 3. c3 d6 4. Nf3 Nf6 5. Bd3 O-O 6. O-O Nc6 7.
h3 e5 8. Re1 Nd7 9. Bg5 Bf6 10.
Bh6 Re8 11. Bc2 Bg7 12. Bxg7 Kxg7 13. Nbd2 Qf6 14. Nf1 Nd8 15. Ne3 Nb6 16. Kh2 h5 17. g3 Bd7 18. Kg2 Bc6 19. d5 Bd7 20. h4 Bb5 21.
Qd2 c5 22. Ng5 Qe7 23. Bd1 f6 24. Nh3 Nf7 25. Bxh5 Rh8 26. Bd1 Bd7 27. Rh1 Rh6 28. Be2 Rah8 29. Rh2 g5 30. h5 Qd8 31. Rah1 Qc8 32.
Ng1 Qc7 33. b3 Nc8 34. Qd1 Ne7 35. Bf3 b5 36. Bg4 a5 37. Ne2 a4 38. bxa4 bxa4 39.
c4 1-0

[Event "Late-Titled-Tuesday-Blitz-May-07-2024"]
[Site "Chess.com"]
[Date "2024.05.07"]
[Round "2"]
[White "Felix-Rose"]
[Black "prime-morty"]
[Result "0-1"]
[WhiteElo "2220"]
[BlackElo "2713"]
[TimeControl "180+1"]
[EndTime "14:17:41 PDT"]
[Termination "prime-morty won on time"]

1. e4 d6 2. d4 Nf6 3. Nc3 e5 4.
Nge2 c6 5. h3 b5 6. a3 a5 7. g4 Ba6 8. Bg2 b4 9. Nb1 c5 10. dxe5 dxe5 11. Qxd8+ Kxd8 12. Ng3 Nc6 13. c3 g6 14. Be3 h5 15. g5 Nd7 16. Nd2 bxa3 17. Rxa3 c4 18. Ra2 Bc5 19. Ke2 Bxe3 20. Kxe3 Ke7 21. Rha1 Nb6 22. h4 Rhd8 23. Bf1 a4 24.
Be2 Bb5 25. Ngf1 Rd6 26. Nf3 Rad8 27. N1d2 Na5 28. Re1 Nb3 29. Nb1 Ke6 30. Na3 Ba6 31.
Nc2 Nc5 32. Nb4 Bb5 33. Raa1 Nd3 34. Bxd3 cxd3 35. Nd2 Rf8 36. Rec1 Bc4 37. Nd5 Bxd5 38. exd5+ Rxd5 39. c4 Rc5 40. Ne4 Rxc4 0-1

[Event "Late-Titled-Tuesday-Blitz-May-07-2024"]
[Site "Chess.com"]
[Date "2024.05.07"]
[Round "2"]
[White "GoltsevDmitry2000"]
[Black "NovakRatko"]
[Result "1-0"]
[WhiteElo "2757"]
[BlackElo "2412"]
[TimeControl "180+1"]
[EndTime "14:17:42 PDT"]
[Termination "GoltsevDmitry2000 won on time"]

1. e4 d5 2. exd5 c6 3. dxc6 Nxc6 4. c3 e5 5. Bc4 Bc5 6. Nf3 h6 7. O-O Bg4 8. Qb3 Qc7 9. d4 Bxf3 10. dxc5 Bh5 11.
Nd2 Nf6 12. Bd3 O-O-O 13. Bf5+ Kb8 14. Nc4 e4 15. g3 g5 16. Be3 Bf3 17. Nd6 Bh5 18.
a4 Ne5 19. a5 Rxd6 20. cxd6 Qxd6 21. Rfd1 Bxd1 22. Rxd1 Qc6 23. Kg2 Nfg4 24. Bxg4 Nxg4 25. Qxf7 Nxe3+ 26. fxe3 Qc5 27. Qf6 Rc8 28. Qd6+ Qxd6 29.
Rxd6 Rc6 30. Rd4 Re6 31. Kh3 h5 32. Rd5 g4+ 33. Kg2 1-0

[Event "Late-Titled-Tuesday-Blitz-May-07-2024"]
[Site "Chess.com"]
[Date "2024.05.07"]
[Round "2"]
[White "shirovin"]
[Black "divudis17"]
[Result "1-0"]
[WhiteElo "2084"]
[BlackElo "2442"]
[TimeControl "180+1"]
[EndTime "14:17:45 PDT"]
[Termination "shirovin won on time"]

1. e4 c5 2. Nf3 d6 3. d4 cxd4 4.
Nxd4 Nf6 5. Nc3 a6 6. Bg5 e6 7. f4 Be7 8. Qf3 Qc7 9. O-O-O Nbd7 10.
g4 b5 11. Bxf6 Nxf6 12. g5 Nd7 13. f5 Ne5 14. Qg3 b4 15. Na4 Bd7 16. b3 Bxa4 17.
bxa4 Qc3 18. Qxc3 bxc3 19. fxe6 Bxg5+ 20. Kb1 Rb8+ 21. Ka1 O-O 22. Bxa6 Be3 23. exf7+ Rxf7 24. Bb5 Rf2 25. Rhf1 Rxh2 26. Nf5 Rd2 27. Nxe3 Ng6 28. Bc4+ Kh8 29. Bb3 h5 30. Nf5 Rb4 31. Nxd6 Rbd4 32. Nf7+ Kh7 33. Rxd2 cxd2 34. c3 Rd3 35. Bc2 Rxc3 36.
Kb1 Rc7 37. e5 1-0